Map: Pilares de Ouro LE

Players

faelzin

  • Race: Terran Terran
  • Spawn Location: 1:00

VIPER - Winner!

  • Race: Terran Terran
  • League: Silver
  • Spawn Location: 7:00

VOD

Have the link to the VOD?

Description

Time

  • Played on: Aug. 5, 2020, 1:30 p.m.
  • Length: 6:24
Show
View Real Time Build Order
Export as new Build Order

faelzin Terran 

Build Orders:  

Get SALT Encoding   

  12  0:02  SCV  
  13  0:22  SCV  
  13  0:24  Supply Depot  
  14  0:34  SCV  
  15  0:46  SCV  
  15  0:48  Supply Depot  
  16  0:54  Refinery  
  16  0:56  Refinery  
  16  0:58  SCV  
  17  1:11  Supply Depot  
  17  1:12  SCV  
  18  1:24  SCV  
  19  1:36  SCV  
  20  1:45  Barracks  
  20  1:48  SCV  
  21  2:00  SCV  
  22  2:12  SCV  
  23  2:24  SCV  
  24  2:36  Marine, SCV  
  26  2:58  Engineering Bay  
  26  3:12  Command Center  
  22  3:27  Marine  
  17  3:44  SCV  
  17  3:45  Marine  
  12  3:56  SCV  
  10  4:03  Marine  
  10  4:08  SCV  
  7  4:20  SCV  
  7  4:21  Marine  
  3  4:38  Marine  
  3  4:39  SCV  
  4  4:51  SCV  
  4  5:03  SCV  
  3  5:07  Reaper  
  3  5:16  SCV  
  3  5:28  SCV  
  3  5:39  Reaper  
Show
View Real Time Build Order
Export as new Build Order

VIPER Terran - Winner!

Build Orders: Reaper Expand 

Get SALT Encoding   

  12  0:00  SCV  
  13  0:12  SCV  
  14  0:19  Supply Depot  
  14  0:24  SCV  
  15  0:38  Refinery  
  15  0:40  SCV  
  16  0:49  Barracks  
  16  0:52  SCV  
  17  1:05  SCV  
  18  1:15  Supply Depot  
  18  1:19  SCV  
  19  1:37  Reaper  
  20  1:51  Orbital Command  
  20  2:04  Command Center  
  20  2:09  Reaper  
  20  2:13  Refinery  
  21  2:21  SCV  
  22  2:49  SCV  
  22  2:50  Marine  
  24  2:58  Factory  
  24  3:01  SCV  
  25  3:13  SCV  
  26  3:25  SCV  
  27  3:36  Marine  
  27  3:37  SCV  
  29  3:49  SCV  
  30  4:01  SCV  
  31  4:03  Orbital Command  
  31  4:13  SCV  
  31  4:14  Factory Reactor  
  32  4:21  Factory  
  32  4:24  Starport  
  32  4:26  SCV  
  33  4:43  Marine  
  34  4:51  SCV x2  
  36  4:57  Hellion x2  
  40  5:01  Starport Reactor  
  40  5:08  SCV x2  
  40  5:13  Marine  
  43  5:20  SCV  
  44  5:27  Armory  
  44  5:51  SCV x2  
  46  6:01  Supply Depot  
  46  6:05  Factory Tech Lab  
Tags
 
League
Silver
Matchup
TvT
Race
Terran
Spawn Locations
Cross Positions
Add a new tag
Caveats
  • Supply blocks, unpowered buildings, or Contaminate may cause inaccurate times.
  • Supply counts are checked every 10 seconds.